 Dungeon Crawl Stone Soup version 0.24-a0-284-g9fb9971df1 (webtiles) character file.

Game seed: 1600226160802082546

1182 Redear the Sneak (level 8, -1/55 HPs)
             Began as an Octopode Fighter on May 5, 2019.
             Slain by an ice beast (2 damage)
             ... on level 4 of the Dungeon.
             The game lasted 00:10:31 (5570 turns).

Redear the Sneak (Octopode Fighter)                 Turns: 5570, Time: 00:10:32

Health: -1/55      AC:  1    Str: 20    XL:     8   Next: 42%
Magic:  8/8        EV: 14    Int: 10    God:
Gold:   59         SH: 10    Dex: 14    Spells: 7/7 levels left

rFire    + . .     SeeInvis .   a - +0 long sword
rCold    + . .     Gourm    .   b - +0 shield
rNeg     . . .     Faith    .   (helmet restricted)
rPois    +         Spirit   .   (no amulet)
rElec    +         Reflect  .   (no ring)
rCorr    +         Harm     .   (no ring)
MR       .....                  (no ring)
Stlth    ++++......             (no ring)
HPRegen  0.18/turn              (no ring)
MPRegen  0.11/turn              (no ring)
                                (no ring)
                                (no ring)

@: mighty, resistant
A: almost no armour, stealthy swim, amphibious, 8 rings, constrict 8, camouflage
1, gelatinous body 1
a: no special abilities


You were on level 4 of the Dungeon.
You were not hungry.

You visited 2 branches of the dungeon, and saw 5 of its levels.

You collected 59 gold pieces.

Inventory:

Hand Weapons
 a - a +0 long sword (weapon)
Missiles
 d - 82 stones (quivered)
 Z - a throwing net {+f}
Armour
 b - a +0 shield (worn)
Jewellery
 f - an uncursed ring of wizardry {unknown}
 g - an uncursed ring of fire {unknown}
 h - an uncursed ring of ice {rC+ rF-}
Wands
 I - a wand of iceblast (11)
Scrolls
 e - a scroll of fear {unknown}
 i - a scroll of fog {unknown}
 j - a scroll of noise
 k - a scroll of immolation {unknown}
 m - a scroll of enchant weapon {unknown}
 n - a scroll of enchant armour
 o - a scroll of magic mapping {unknown}
 q - a scroll of amnesia {unknown}
 r - a scroll of blinking {unknown}
 s - a scroll of remove curse {unknown}
 R - 2 scrolls of identify {@r1}
 T - 2 scrolls of teleportation
Potions
 l - 2 potions of flight
 p - a potion of might {Str+5 DMG+1d10 | @q3}
 u - a potion of resistance {rF+ rC+ rPois rElec rCorr}
Comestibles
 z - 12 rations


   Skills:
 + Level 5.3 Fighting
 + Level 4.7 Long Blades
 + Level 5.2 Dodging
 + Level 6.0 Stealth
 + Level 5.2 Shields


You had 7 spell levels left.
You didn't know any spells.
Your spell library was empty.

Dungeon Overview and Level Annotations

Branches:
Dungeon (4/15)             Temple (1/1) D:4

Altars:
Ashenzari
Dithmenos
Fedhas
Gozag
Kikubaaqudgha
Makhleb
Nemelex Xobeh
Qazlal
Sif Muna
Trog
Uskayaw
Vehumet
Wu Jian
Xom
Yredelemnul

Annotations:
D:4 1 transporter


Innate Abilities, Weirdness & Mutations

You cannot wear most types of armour.
You are very stealthy in the water. (Stealth+)
You are amphibious.
You can wear up to eight rings at the same time.
You can use your tentacles to constrict eight enemies at once.
Your skin changes colour to match your surroundings (Stealth+).
Your rubbery body absorbs attacks. (AC +1, EV +1)


Message History

Unknown command.
Quiver which item? (- for none, * to show all) (? for menu, Esc to quit)
Okay, then.
Press: ? - help, v - describe, . - travel
Here: an ice beast (heavily wounded)
The floor.
Unknown command.
Unknown command.
Okay, then.
Unknown command.
Press: ? - help, v - describe, . - travel
Here: an ice beast (heavily wounded)
The floor.
Unknown command.
Okay, then.
You feel very mighty all of a sudden. The ice beast hits you.
* * * LOW HITPOINT WARNING * * *
The ice beast freezes you. You resist.
You die...

#.......# #........######..
#.......###..####[## #..
####.#####...####[### ###..
#.).........##.#.###....
######.©..#.#.##_.⌠#....
#########..#8...'.##.
#☼°°°○°°#..##_.⌠####.
#°○°°☼○☼##..#.#### #.
#○°#@#°°#...####.###.
#°°..Y°°#............
###°○#.#○☼##..###.#####
###.#○°...☼°#..>......>..
#########..####°○'####.#.##......
..........##°○○☼°○○°°#...........
.#######...#.°○○°○°°○#..###..####
.# ##.##.°○...○○☼#.####.(# # .#
#.##.°°$($○.○#.......# #


You could see an ice beast.

Vanquished Creatures
  Sigmund (D:3)
  A black bear (D:4)
  An ice beast (D:4)
  A phantom (D:4)
  An ogre (D:4)
  A centaur (D:3)
  A scorpion (D:4)
  2 orc priests (D:4)
  2 bullfrog skeletons (D:4)
  3 orc wizards
  Natasha (thrice) (D:3)
  3 worker ants
  A hound skeleton (D:4)
  5 adders
  4 gnolls
  An ooze (D:2)
  An adder skeleton (D:4)
  5 worms
  A dart slug (D:1)
  2 leopard geckos
  9 orcs
  A ball python (D:2)
  3 giant cockroaches
  9 goblins
  4 hobgoblins
  11 jackals
  A quokka (D:4)
  6 bats
  5 frilled lizards
  A jackal skeleton (D:4)
  5 kobolds
  7 rats
102 creatures vanquished.

Notes
Turn   | Place    | Note
-------+----------+-------------------------------------------
     0 | D:1      | Redear the Octopode Fighter began the quest for the Orb.
     0 | D:1      | Reached XP level 1. HP: 16/16 MP: 1/1
   221 | D:1      | Reached XP level 2. HP: 18/21 MP: 2/2
   315 | D:1      | Reached skill level 1 in Stealth
   653 | D:1      | Reached XP level 3. HP: 26/26 MP: 3/3
  1618 | D:2      | Reached skill level 2 in Stealth
  1625 | D:2      | Reached XP level 4. HP: 16/31 MP: 4/4
  2024 | D:2      | Reached XP level 5. HP: 33/36 MP: 5/5
  2285 | D:2      | Found a shattered altar of Ashenzari.
  2778 | D:3      | Noticed Sigmund
  2854 | D:3      | Noticed a centaur
  2859 | D:3      | Killed a centaur
  2859 | D:3      | Reached skill level 4 in Fighting
  2859 | D:3      | Reached skill level 3 in Long Blades
  2859 | D:3      | Reached skill level 3 in Stealth
  2859 | D:3      | Reached XP level 6. HP: 36/43 MP: 6/6
  2901 | D:3      | Killed Sigmund
  2901 | D:3      | Reached skill level 4 in Dodging
  2901 | D:3      | Reached skill level 4 in Stealth
  2901 | D:3      | Reached skill level 4 in Shields
  3372 | D:3      | Found a stormy altar of Qazlal.
  3503 | D:3      | Found a hide-covered altar of Uskayaw.
  3506 | D:3      | Reached XP level 7. HP: 49/49 MP: 7/7
  3631 | D:3      | Noticed Natasha
  3642 | D:3      | Killed Natasha
  3858 | D:3      | Found a sparkling altar of Nemelex Xobeh.
  3925 | D:3      | Noticed Natasha
  3934 | D:3      | Killed Natasha
  4141 | D:3      | Noticed Natasha
  4147 | D:3      | Killed Natasha
  4168 | D:4      | Found a bloodstained altar of Trog.
  4196 | D:4      | Found a transporter.
  4371 | D:4      | Reached skill level 4 in Long Blades
  4597 | D:4      | Reached skill level 5 in Stealth
  4890 | D:4      | Found a transporter.
  4932 | D:4      | Found an ancient bone altar of Kikubaaqudgha.
  4932 | D:4      | Found a shadowy altar of Dithmenos.
  4937 | D:4      | Reached XP level 8. HP: 49/54 MP: 8/8
  4963 | D:4      | Found a staircase to the Ecumenical Temple.
  4977 | Temple   | Entered the Ecumenical Temple
  5292 | D:4      | Reached skill level 5 in Fighting
  5292 | D:4      | Reached skill level 5 in Shields
  5317 | D:4      | Reached skill level 5 in Dodging
  5562 | D:4      | Reached skill level 6 in Stealth
  5569 | D:4      | HP: 4/55 [ice beast (7)]
  5570 | D:4      | HP: 1/55 [ice beast (3)]
  5570 | D:4      | Slain by an ice beast

Levels and vault maps discovered:
D:1:      minmay_arrival_wavy_path, layout_basic
D:2:      layout_basic, ashenzari_altar_1, first_ration, roderic_lattice_a,
          minmay_misc_feat_rows
D:3:      layout_loops_ring, eat_drink_and_be_merry_uskayaw,
          nicolae_qazlal_general_emergency, nemelex_lonely_heart_becter,
          uniq_natasha, uniq_sigmund
D:4:      gammafunk_cloud_chamber, layout_loops_ring, lemuel_crystal_altar,
          gammafunk_temple_overflow_statue, temple_green,
          kennysheep_generic_room_5
Temple:   chequers_temple_sunken

Skill      XL: |  1  2  3  4  5  6  7  8 |
---------------+-------------------------+-----
Stealth        | 1 2 3 4 5 6 |  6.0
Fighting       | 4 5 |  5.3
Long Blades    | 3 4 |  4.7
Dodging        | 4 5 |  5.2
Shields        | 4 5 |  5.2

Action                   |  1- 3 |  4- 6 |  7- 9 || total
-------------------------+-------+-------+-------++-------
Melee: Long sword        |    55 |    57 |   111 ||   223
       Constrict         |    18 |    18 |    24 ||    60
       Tentacles         |     5 |    14 |    33 ||    52
  Use: Potion            |       |     2 |     5 ||     7
       Scroll            |       |       |     5 ||     5
 Stab: Sleeping          |     6 |     8 |     6 ||    20
       Distracted        |       |       |     1 ||     1
  Eat: Chunk             |     2 |     5 |     8 ||    15
Armor: Skin              |     4 |     1 |     7 ||    12
Dodge: Dodged            |    40 |    55 |    58 ||   153
Block: Shield            |       |    11 |    46 ||    57
       Rpst.: Long sword |    15 |     9 |    14 ||    38

Table legend:
 A = Non-vault XP
 B = Vault XP
 C = Vault XP percentage of total XP
 D = Non-vault monster count
 E = Vault monster count
 F = Vault count percentage of total count
                 A         B        C        D         E       F
            +---------+---------+-------+---------+---------+-------
      Total |    1298 |     391 |  23.1 |      97 |       5 |   4.9
            +---------+---------+-------+---------+---------+-------
        D:1 |      48 |       0 |   0.0 |      26 |       0 |   0.0
        D:2 |     180 |       0 |   0.0 |      26 |       0 |   0.0
        D:3 |     253 |     262 |  50.9 |      17 |       2 |  10.5
        D:4 |     817 |     129 |  13.6 |      28 |       3 |   9.7
            +---------+---------+-------+---------+---------+-------
